 Dungeon Crawl Stone Soup version 0.31.0-11-ge490571c62 (webtiles) character file.

Game seed: 11533472111887534254

558 protoss039 the Digger (level 7, 53/53 HPs)
             Began as a Demonspawn Earth Elementalist on Jan 30, 2024.
             Got out of the dungeon alive.
             The game lasted 00:07:40 (4020 turns).

protoss039 the Digger (DsEE)                        Turns: 4020, Time: 00:07:40

Health: 53/53      AC: 13    Str:  8    XL:     7   Next: 9%
Magic:  11/11      EV: 12    Int: 18    God:
Gold:   171        SH:  0    Dex: 13    Spells: 5/12 levels left

rFire   + . .        x - +1 spear (flame)
rCold   . . .        (no shield)
rNeg    . . .        h - +0 leather armour {rF+}
rPois   .            (helmet restricted)
rElec   .            (no cloak)
rCorr   .            (no gloves)
SInv    +            j - +2 pair of boots {Fly}
Will    .....        (no amulet)
Stlth   ++           i - ring of see invisible
HPRegen 0.28/turn    t - +4 ring of protection
MPRegen 0.12/turn

%: no passive effects
@: flying
A: antennae 2, yellow scales 2, foul stench 1
a: no special abilities


You escaped.
You visited 1 branch of the dungeon, and saw 5 of its levels.

You collected 171 gold pieces.

Inventory:

Hand Weapons
 w - a +3 dagger
 x - a +1 spear of flaming (weapon)
Missiles
 n - 6 curare-tipped darts
 u - 6 darts of dispersal
Armour
 h - a +0 leather armour of fire resistance (worn)
 j - a +2 pair of boots of flying (worn)
Jewellery
 e - a +6 ring of strength
 i - a ring of see invisible (left hand)
 t - a +4 ring of protection (right hand)
Scrolls
 a - 2 scrolls of torment {unknown}
 d - 2 scrolls of identify {unknown}
 f - a scroll of fear {unknown}
 g - 2 scrolls of immolation {unknown}
 m - a scroll of teleportation {unknown}
 p - a scroll of vulnerability {unknown}
 q - a scroll of silence {unknown}
Potions
 b - a potion of magic
 c - a potion of enlightenment {unknown}
 k - 2 potions of heal wounds {unknown}
 l - 3 potions of curing {unknown}
 o - a potion of attraction {unknown}
 r - a potion of degeneration {unknown}
 s - a potion of brilliance {unknown}
 v - a potion of mutation {unknown}


   Skills:
 * Level 3.7 Fighting
 - Level 3.0 Dodging
 - Level 3.0 Stealth
 + Level 3.3 Spellcasting
 - Level 3.0 Conjurations
 + Level 3.9 Earth Magic


You had 5 spell levels left.
You knew the following spells:

 Your Spells              Type           Power      Damage    Failure   Level
a - Sandblast             Erth           34%        2d9       4%          1
b - Passwall              Erth           17%        N/A       14%         3
c - Stone Arrow           Conj/Erth      30%        3d8       17%         3

Your spell library contained the following spells:

 Spells                   Type           Power      Damage    Failure   Level
 Momentum Strike          Conj/Tloc      16%        3d8       19%         2
 Blink                    Tloc           4%         N/A       34%         2
 Lesser Beckoning         Tloc           4%         N/A       34%         2
 Brom's Barrelling Bould  Conj/Erth      15%        2d4       50%         4
 Petrify                  Alch/Erth      10%        N/A       71%         4


Dungeon Overview and Level Annotations

Branches:
Dungeon (5/15) Zot: 25911
 Temple: D:4-7

Altars:
Fedhas
Gozag
Yredelemnul

Shops:
D:3 *

Annotations:
D:4 Ijyb


Innate Abilities, Weirdness & Mutations

You have a pair of antennae on your head.
You are mostly covered in yellow scales. (AC +3)
You may rarely emit foul miasma when damaged in melee.


Message History

You have reached level 7!
Your demonic ancestry asserts itself...
You begin to emit a foul stench of rot and decay.
Unknown command.
Casting: Sandblast (safe; 4% risk of failure)
Confirm with . or Enter, or press ? or * to list all spells.
Aiming: Sandblast (safe; 4% risk of failure)
Press: ? - help, Shift-Dir - straight line, f - orc wizard
Aim: an orc wizard, wielding a +0 dagger and wearing a +0 robe (almost dead, slightly transparent, 77% to hit)
The blast of sand hits the orc wizard.
You kill the orc wizard!
Unknown command.
Unknown command.
Items here: ))))) [[[[ ††††.
What level of the Dungeon? (default 5, ? - help)
Items here: ))))) [[[[ ††††.
There is an open door here.
There is a stone staircase leading up here.
You fly upwards.
Level annotation: Ijyb
There is a stone staircase leading down here.
Magic restored.
Things that are here:
a +0 leather armour; a +0 club
There is a stone staircase leading up here.
You fly upwards.
There is a stone staircase leading down here.
You see here a +0 dagger.
There is a stone staircase leading up here.
You fly upwards.
There is a stone staircase leading down here.
Things that are here:
a +0 dagger; a goblin skeleton
There is a stone staircase leading up here.
You fly upwards.
There is a stone staircase leading down here.
There is an open gate here.
There is an open door here.
There is a staircase leading out of the dungeon here.
You have escaped!

###################
#....#...8...#....#
#.@..#.8...8.'..⌠.#
#....#...⌠...#....#
#....'.8...8.#....#
###..#.......#..###
####..8)...####♣.
#♣♣♣ #.......# ♣♣♣.
#..♣♣###...###♣♣...
#♣..♣♣♣#'''#♣.♣....
♣..[...........♣##


There were no monsters in sight!

Vanquished Creatures
  2 ogres (D:4)
  A scorpion (D:4)
  A hound (D:5)
  4 orc wizards
  Robin (D:3)
  3 gnolls (D:4)
  5 adders
  10 orcs
  7 endoplasms
  2 giant cockroaches (D:1)
  13 goblins
  4 hobgoblins
  10 jackals
  6 kobolds
  4 quokkas
  7 ball pythons
  5 bats
  A frilled lizard (D:2)
  A rat (D:2)
87 creatures vanquished.

Vanquished Creatures (others)
  2 orc wizards
2 creatures vanquished.

Grand Total: 89 creatures vanquished

Notes
Turn   | Place    | Note
-------+----------+-------------------------------------------
     0 | D:1      | protoss039 the Demonspawn Earth Elementalist began the
                  | quest for the Orb.
     0 | D:1      | Reached XP level 1. HP: 13/13 MP: 3/3
   294 | D:1      | Gained mutation: You are partially covered in yellow
                  | scales. (AC +2) [demonic ancestry]
   294 | D:1      | Reached XP level 2. HP: 17/19 MP: 0/5
   440 | D:1      | Found a faded altar of an unknown god.
  1047 | D:2      | Gained mutation: You are mostly covered in yellow scales.
                  | (AC +3) [demonic ancestry]
  1047 | D:2      | Reached XP level 3. HP: 24/24 MP: 3/6
  1498 | D:3      | Learned a level 3 spell: Passwall
  1769 | D:3      | Found a basalt altar of Yredelemnul.
  1867 | D:3      | Noticed Robin
  1874 | D:3      | Reached XP level 4. HP: 27/31 MP: 1/7
  2006 | D:3      | Killed Robin
  2105 | D:3      | Found a blossoming altar of Fedhas.
  2145 | D:3      | Found an opulent altar of Gozag.
  2149 | D:3      | Found Gozag's Platinum Reserve.
  2165 | D:3      | Reached skill level 1 in Fighting
  2440 | D:3      | Gained mutation: You have a pair of small antennae on your
                  | head. [demonic ancestry]
  2440 | D:3      | Reached XP level 5. HP: 35/37 MP: 3/8
  2604 | D:3      | Learned a level 3 spell: Stone Arrow
  2607 | D:4      | Noticed Ijyb
  2719 | D:4      | Noticed an ogre
  2886 | D:4      | Noticed an ogre
  2891 | D:4      | Killed an ogre
  2912 | D:4      | Gained mutation: You have a pair of antennae on your head.
                  | [demonic ancestry]
  2912 | D:4      | Reached XP level 6. HP: 29/44 MP: 1/10
  3703 | D:5      | Entered Level 5 of the Dungeon
  3881 | D:5      | Gained mutation: You may rarely emit foul miasma when
                  | damaged in melee. [demonic ancestry]
  3881 | D:5      | Reached XP level 7. HP: 52/52 MP: 5/11
  4020 | D:$      | Got out of the dungeon alive.

Illustrated notes

Levels and vault maps discovered:
D:1:      sevenhm_arrival_forest_fort_large_2, layout_rooms,
          shapermc_ecumenical_altar_gd
D:2:      layout_rooms
D:3:      layout_basic, yredelemnul_altar_generic, mainiacjoe_overflow_alcove_4,
          nicolae_gozag_zags_fifth_avenue, uniq_robin
D:4:      layout_loops_ring, hex_large, uniq_ijyb
D:5:      layout_basic, lemuel_coloured_pillars_altar, uniq_edmund

Skill      XL: |  1  2  3  4  5  6 |
---------------+-------------------+-----
Stealth        | 2 3 |  3.0
Dodging        | 2 3 |  3.0
Earth Magic    | 3 |  3.9
Fighting       | 1 2 3 |  3.7
Conjurations   | 2 3 |  3.0
Spellcasting   | 3 |  3.3

Action                     |  1- 3 |  4- 6 |  7- 9 || total
---------------------------+-------+-------+-------++-------
  Melee: Unarmed           |     2 |       |       ||     2
         War axe           |     1 |       |       ||     1
         Dagger            |    15 |    26 |       ||    41
         Spear             |     3 |    20 |       ||    23
   Cast: Sandblast         |    56 |    82 |     1 ||   139
         Stone Arrow       |       |     1 |       ||     1
    Use: Scroll            |       |     1 |       ||     1
   Stab: Sleeping          |       |     1 |       ||     1
         Confused          |       |     1 |       ||     1
 Armour: Leather armour    |    39 |    72 |       ||   111
         Robe              |     3 |       |       ||     3
  Dodge: Dodged            |    35 |    60 |       ||    95
